 Dungeon Crawl Stone Soup version 0.30.1-4-g462c640d31 (webtiles) character file.

Game seed: 16456820980417433882

244 bierschnitzel the Poker (level 6, -1/51 HPs)
             Began as a Hill Orc Reaver on Aug 17, 2023.
             Slain by a scorpion (6 damage)
             ... on level 4 of the Dungeon.
             The game lasted 00:12:05 (2844 turns).

bierschnitzel the Poker (Hill Orc Reaver)           Turns: 2844, Time: 00:12:06

Health: -1/51      AC: 10    Str: 17    XL:     6   Next: 10%
Magic:  8/8        EV:  8    Int: 13    God:
Gold:   212        SH:  0    Dex:  9    Spells: 7/8 levels left

rFire   . . .        u - +0 war axe
rCold   + . .        (no shield)
rNeg    . . .        c - +0 chain mail
rPois   .            (no helmet)
rElec   .            (no cloak)
rCorr   .            v - +0 pair of gloves
SInv    .            (no boots)
Will    .....        (no amulet) Stlth
                     t - ring of protection from cold
HPRegen 0.28/turn    (no ring)
MPRegen 0.11/turn

%: no passive effects
@: no status effects
A: no striking features
a: no special abilities


You were on level 4 of the Dungeon.
You visited 1 branch of the dungeon, and saw 4 of its levels.

You collected 212 gold pieces.

Inventory:

Hand Weapons
 a - a +0 spear
 d - a +0 club
 f - a +0 dagger
 g - a +0 spear
 i - a +0 dagger
 n - a +0 dagger
 p - a +0 dagger
 r - a +0 short sword
 u - a +0 war axe (weapon)
 y - a +0 dagger
 A - a +6 sling
 B - a +0 short sword
 D - a +0 dagger
 F - a +0 dagger
 G - a +0 falchion
 H - a +0 whip
 I - a +0 whip
 M - a +0 morningstar
 N - a +0 dagger of speed
 P - a +0 spear
 Q - a +0 club
 R - a +0 whip
 S - a +0 dagger
 U - a +0 giant club
 W - a +0 short sword
Missiles
 o - 37 stones
 J - 2 boomerangs
Armour
 b - a +0 leather armour
 c - a +0 chain mail (worn)
 j - a +0 ring mail
 k - a +0 leather armour
 v - a +0 pair of gloves (worn)
 C - a +0 robe
 E - a +0 ring mail
 K - a +0 leather armour
 O - the +1 leather armour of Gelur {Will+ Slay+3}
   (You found it on level 3 of the Dungeon)

   Slay:      It affects your accuracy & damage with ranged weapons and melee
   (+3).
   Will:      It increases your willpower.
Jewellery
 t - a ring of protection from cold (left hand)
Scrolls
 e - 4 scrolls of identify {unknown}
 l - a scroll of noise {unknown}
 m - 4 scrolls of teleportation {unknown}
 s - a scroll of enchant weapon {unknown}
 w - a scroll of summoning {unknown}
 x - 2 scrolls of poison {unknown}
 L - 2 scrolls of immolation {unknown}
Potions
 h - a potion of brilliance {unknown}
 q - 2 potions of curing {unknown}
 z - a potion of might {unknown}
 T - a potion of degeneration {unknown}
 V - a potion of haste {unknown}


   Skills:
 + Level 3.3 Fighting
 + Level 4.0(5.2) Axes
 + Level 4.2(4.8) Polearms
 + Level 2.8 Armour
 + Level 2.0 Dodging
 + Level 1.7 Spellcasting
 + Level 3.2 Conjurations


You had 7 spell levels left.
You knew the following spells:

 Your Spells              Type           Power      Damage    Failure   Level
a - Kiss of Death         Conj/Necr      20%        2d7       82%         1

Your spell library contained the following spells:

 Spells                   Type           Power      Damage    Failure   Level
 Momentum Strike          Conj/Tloc      10%        3d8       91%         2
 Hailstorm                Conj/Ice       5%         3d4       99%         3


Dungeon Overview and Level Annotations

Branches:
Dungeon (4/15)
 Temple: D:4-7

Altars:
Dithmenos


Message History

The scorpion is heavily wounded.
You feel very sick. The scorpion stings you.
* * * LOW HITPOINT WARNING * * *
You barely miss the scorpion.
The scorpion is heavily wounded.
You feel very sick. The scorpion completely misses you.
The scorpion stings you.
* * * LOW HITPOINT WARNING * * *
You closely miss the scorpion.
The scorpion is heavily wounded.
You feel sick.
The scorpion stings you but does no damage.
You hit the scorpion but do no damage.
The scorpion is heavily wounded.
You feel sick. The scorpion barely misses you. The scorpion stings you.
* * * LOW HITPOINT WARNING * * *
You closely miss the scorpion.
The scorpion is heavily wounded.
You feel sick.
The scorpion stings you but does no damage.
You hit the scorpion but do no damage.
The scorpion is heavily wounded.
You feel sick.
The scorpion stings you but does no damage. x2
You hit the scorpion.
The scorpion is severely wounded.
You feel sick. The scorpion barely misses you.
You hit the scorpion.
The scorpion is almost dead.
You feel sick.
You are no longer poisoned.
The scorpion stings you but does no damage. x2
You hit the scorpion but do no damage.
The scorpion is almost dead.
The scorpion closely misses you.
You barely miss the scorpion.
The scorpion is almost dead.
The scorpion stings you.
You die...

........# #.#
##......# #.#
#......#
###'###
##......#
#.....#
.....####
#.....# .....#
#.....# .....#
##.....#
.....#
#######......#
.....#
......s@.....#
.....#
......########
.....# ......
.....# ....
.....# ...
###### .. . .
..


You could see a scorpion.

Vanquished Creatures
  An ogre (D:4)
  3 gnolls (D:3)
  7 adders
  A white imp (D:4)
  3 dart slugs
  6 orcs (D:3)
  4 bats
  3 giant cockroaches
  5 goblins
  2 hobgoblins (D:2)
  3 jackals (D:4)
  5 kobolds
  A quokka (D:4)
  3 ball pythons
  A frilled lizard (D:3)
  5 rats
53 creatures vanquished.

Notes
Turn   | Place    | Note
-------+----------+-------------------------------------------
     0 | D:1      | bierschnitzel the Hill Orc Reaver began the quest for the
                  | Orb.
     0 | D:1      | Reached XP level 1. HP: 18/18 MP: 3/3
   303 | D:1      | Reached XP level 2. HP: 25/25 MP: 4/4
   916 | D:2      | Reached XP level 3. HP: 30/30 MP: 5/5
   992 | D:2      | Reached skill level 1 in Armour
  1422 | D:3      | Reached XP level 4. HP: 36/37 MP: 6/6
  1839 | D:3      | Reached skill level 1 in Axes
  2005 | D:3      | Identified the +1 leather armour of Gelur {Will+ Slay+3}
  2035 | D:3      | Reached XP level 5. HP: 16/42 MP: 7/7
  2199 | D:3      | Found a shadowy altar of Dithmenos.
  2292 | D:3      | Found a faded altar of an unknown god.
  2490 | D:4      | Noticed an ogre
  2500 | D:4      | HP: 1/45 [ogre/+0 giant club (22)]
  2501 | D:4      | Killed an ogre
  2502 | D:4      | Reached XP level 6. HP: 1/51 MP: 8/8
  2844 | D:4      | Slain by a scorpion

Illustrated notes

Levels and vault maps discovered:
D:1:      lemuel_arrival_muddy, layout_basic
D:2:      layout_rooms
D:3:      layout_loops_corners, nicolae_dithmenos_the_darkroom,
          dilly_ecumenical_altar_fadedgnrine, kennysheep_generic_room_4
D:4:      layout_basic, minmay_temple_entry_butterflies,
          kennysheep_generic_room_13

Skill      XL: |  1  2  3  4  5  6 |
---------------+-------------------+-----
Armour         | 1 2 |  2.8
Dodging        | 2 |  2.0
Polearms       | 4 |  4.2
Axes           | 2 3 4 |  4.0
Fighting       | 3 |  3.3
Spellcasting   | |  1.7
Conjurations   | |  3.2

Action                     |  1- 3 |  4- 6 || total
---------------------------+-------+-------++-------
  Melee: Spear             |    61 |       ||    61
         War axe           |    34 |   105 ||   139
         Punch             |     2 |     3 ||     5
 Armour: Chain mail        |    59 |    84 ||   143
  Dodge: Dodged            |    38 |    34 ||    72
